 Dungeon Crawl Stone Soup version 0.25-a0-435-g4b9beb1024 (webtiles) character file.

Game seed: 17223250629382206808, levelgen mode: deterministic

40 Elellon the Conjurer (level 3, -3/19 HPs)
             Began as a Deep Elf Conjurer on Jan 25, 2020.
             Slain by Robin
             ... wielding a +0 short sword
              (6 damage)
             ... on level 2 of the Dungeon.
             The game lasted 00:01:23 (1211 turns).

Elellon the Conjurer (Deep Elf Conjurer)            Turns: 1211, Time: 00:01:24

Health: -3/19      AC:  2    Str:  6    XL:     3   Next: 30%
Magic:  5/10       EV: 13    Int: 19    God:
Gold:   103        SH:  0    Dex: 15    Spells: 9/10 levels left

rFire    . . .     SeeInvis .   (no weapon)
rCold    . . .     Gourm    .   (no shield)
rNeg     . . .     Faith    .   a - +0 robe
rPois    .         Spirit   .   (no helmet)
rElec    .         Reflect  .   (no cloak)
rCorr    .         Harm     .   (no gloves)
MR       .....                  (no boots)
Stlth    ++........             (no amulet)
HPRegen  0.06/turn              (no ring)
MPRegen  0.12/turn              (no ring)

@: no status effects
A: no striking features
a: no special abilities


You were on level 2 of the Dungeon.
You were not hungry.

You visited 1 branch of the dungeon, and saw 2 of its levels.

You collected 103 gold pieces.

Inventory:

Armour
 a - a +0 robe (worn)
Jewellery
 b - a +5 ring of intelligence {unknown}
Scrolls
 e - 2 scrolls of identify {unknown}
 h - a scroll of remove curse {unknown}
 i - a scroll of enchant weapon {unknown}
 k - a scroll of magic mapping {unknown}
 l - a scroll of fear {unknown}
 m - a scroll of teleportation {unknown}
 n - a scroll of random uselessness {unknown}
Potions
 d - a potion of haste
 f - a potion of mutation {unknown}
 g - a potion of might {unknown}
 j - a potion of flight {unknown}
 p - a potion of invisibility {unknown}
Comestibles
 c - a ration
 o - 5 chunks of flesh


   Skills:
 - Level 2.4 Dodging
 - Level 2.4 Stealth
 + Level 4.2 Spellcasting
 + Level 5.1 Conjurations


You had 9 spell levels left.
You knew the following spells:

 Your Spells              Type           Power        Failure   Level  Hunger
a - Magic Dart            Conj           ###.         1%          1    None

Your spell library contained the following spells:

 Spells                   Type           Power        Failure   Level  Hunger
 Searing Ray              Conj           ###...       2%          2    #......
 Dazzling Flash           Conj/Hex       ##....       14%         3    ###....
 Fulminant Prism          Conj/Hex       ##........   43%         4    ####...
 Iskenderun's Mystic Bla  Conj/Tloc      ##......     43%         4    ####...


Dungeon Overview and Level Annotations

Branches:
Dungeon (2/15)

Altars:

Annotations:
D:2 Robin


Message History

You closely miss the goblin.
The goblin is heavily wounded.
A goblin comes into view.
Robin hits you but does no damage. The goblin hits you with a +0 dagger.
You hit the goblin.
The goblin is severely wounded.
Robin hits you with a +0 short sword.
A goblin comes into view. It is wielding a +0 dagger.
A hobgoblin comes into view. It is wielding a +0 club.
The goblin hits you but does no damage. Robin hits you with a +0 short sword.
* * * LOW HITPOINT WARNING * * *
You hit the goblin but do no damage.
The goblin is severely wounded.
Robin barely misses you.
A hobgoblin comes into view. It is wielding a +0 club.
The goblin closely misses you.
You hit the goblin.
You kill the goblin!
Robin hits you with a +0 short sword.
You die...

.................. ...#
...##.###......... ....# .. #.#
#.#..# .. #...### . #.# #.#
.#... #..... #.# #.#(..... #
....##### #.###.#.g.###
#.####........ #........g#..
#....#.....# .
#####รท##.g'.#######.'...#.###
...#####.....#g@).#....#...#.#.#
.............####.#.####........
................#.#.#...........
................#...#...........
#..#####........#####...(.#.##.#
#. #...........................
# ######..##.#.##.###.###.##.#
#......................
#.###.................#


You could see Robin, a hobgoblin and 2 goblins.

Vanquished Creatures
  2 adders (D:2)
  A dart slug (D:2)
  6 goblins
  4 hobgoblins
  2 jackals (D:1)
  3 kobolds
18 creatures vanquished.

Notes
Turn   | Place    | Note
-------+----------+-------------------------------------------
     0 | D:1      | Elellon the Deep Elf Conjurer began the quest for the Orb.
     0 | D:1      | Reached XP level 1. HP: 10/10 MP: 6/6
   853 | D:2      | Reached XP level 2. HP: 15/15 MP: 6/8
   861 | D:2      | Noticed Robin
  1124 | D:2      | Reached skill level 5 in Conjurations
  1128 | D:2      | Reached XP level 3. HP: 18/19 MP: 4/10
  1211 | D:2      | Slain by Robin

Levels and vault maps discovered:
D:1:      sevenhm_arrival_forest_fort_small_5, layout_basic
D:2:      layout_basic, gammafunk_temple_overflow_elements, marbit_many_paths,
          roderic_filled_cross, bh_walls_and_bars, uniq_robin,
          uniq_crazy_yiuf_cottage

Skill      XL: |  1  2 |
---------------+-------+-----
Spellcasting   | 4 |  4.2
Conjurations   | 5 |  5.1
Dodging        | |  2.4
Stealth        | |  2.4

Action                   || total
-------------------------++-------
Melee: Unarmed           ||     8
 Cast: Magic Dart        ||    40
  Eat: Chunk             ||     1
Armor: Robe              ||     2
Dodge: Dodged            ||    11

Table legend:
 A = Non-vault XP
 B = Vault XP
 C = Vault XP percentage of total XP
 D = Non-vault monster count
 E = Vault monster count
 F = Vault count percentage of total count
                 A         B        C        D         E       F
            +---------+---------+-------+---------+---------+-------
      Total |      48 |      10 |  17.2 |      13 |       5 |  27.8
            +---------+---------+-------+---------+---------+-------
        D:1 |      10 |       0 |   0.0 |       6 |       0 |   0.0
        D:2 |      38 |      10 |  20.8 |       7 |       5 |  41.7
            +---------+---------+-------+---------+---------+-------
